 Dungeon Crawl Stone Soup version 0.18-a0-1186-gd02dc51 (webtiles) character file.

11 M4edhros the Charlatan (level 2, -3/18 HPs)
             Began as an Octopode Artificer on Jan 28, 2016.
             Slain by Blork the orc
             ... wielding a +0 trident of freezing
              (11 damage)
             ... on level 4 of the Dungeon.
             The game lasted 00:01:02 (478 turns).

M4edhros the Charlatan (Octopode Artificer)          Turns: 478, Time: 00:01:02

Health: -3/18      AC:  1    Str: 10    XL:     2   Next: 25%
Magic:  4/4        EV: 12    Int: 14    God:
Gold:   64         SH:  0    Dex: 12    Spells: 0 memorised, 1 level left

rFire  . . .     SeeInvis .     a - +0 short sword
rCold  . . .     Gourm    .     (no shield)
rNeg   + . .     Faith    .     (helmet restricted)
rPois  .         Spirit   .     (no amulet)
rElec  .         Dismiss  .     i - ring of positive energy
rCorr  .         Reflect  .     (no ring)
SustAt .         Harm     .     (no ring)
MR     .....                    (no ring)
Stlth  +++.......               (no ring)
                                (no ring)
                                (no ring)
                                (no ring)

@: not resistant to hostile enchantments, fairly stealthy
A: almost no armour, amphibious, 8 rings, constrict 8, camouflage 1, gelatinous
body 1
a: no special abilities


You were on level 4 of the Dungeon.
You were not hungry.

You visited 1 branch of the dungeon, and saw 4 of its levels.

You collected 64 gold pieces.

Inventory:

Hand Weapons
 a - a +0 short sword (weapon)
 k - a +0 hunting sling
Jewellery
 i - a ring of positive energy (left tentacle)
Wands
 b - a wand of flame (15/48)
 c - a wand of enslavement (14/24)
 d - a wand of random effects (10/48)
Scrolls
 j - a scroll of fear {unknown}
 l - a scroll of teleportation {unknown}
 m - a scroll of remove curse {unknown}
Potions
 e - a potion of flight {unknown}
Comestibles
 f - a bread ration
 g - 5 fruits
 h - a meat ration


   Skills:
 - Level 1.0 Fighting
 - Level 1.0 Short Blades
 * Level 2.4 Dodging
 * Level 2.1 Stealth
 + Level 3.4 Evocations


You had one spell level left.
You didn't know any spells.

Dungeon Overview and Level Annotations

Branches:
Dungeon (4/15)
 Temple: D:4-7

Altars:

Shops:
D:4 [

Annotations:
D:4 Blork the orc


Innate Abilities, Weirdness & Mutations

You cannot wear most types of armour.
You are amphibious.
You can wear up to eight rings at the same time.
You can use your tentacles to constrict eight enemies at once.
Your skin changes colour to match your surroundings (Stealth).
Your rubbery body absorbs attacks (AC +1).


Message History

This wand has 12 charges left.
Evoke which item? (* to show all) (? for menu, Esc to quit)
Zapping:
d - a wand of random effects (12/48)
Press: ? - help, Shift-Dir - straight line, f/p - Blork the orc
Aim: Blork the orc, wielding a trident of freezing and wearing a robe (lightly wounded)
You hear a mighty clap of thunder!
The bolt of lightning hits Blork the orc.
Blork the orc appears unharmed.
Blork the orc is lightly wounded.
This wand has 11 charges left.
An adder comes into view.
Evoke which item? (* to show all) (? for menu, Esc to quit)
Zapping:
d - a wand of random effects (11/48)
Press: ? - help, Shift-Dir - straight line, f/p - Blork the orc
Aim: Blork the orc, wielding a trident of freezing and wearing a robe (lightly wounded) Blork the orc resists with significant effort.
This wand has 10 charges left.
Blork the orc hits you from afar with a trident of freezing!
Ouch! That really hurt!
You die...

.#### #.###.# .#
....# #.# #.## .#
.##.# #.###..# .#
.##.# #.<###.###.#
.##.######..........#
.##..∩......###..#..#
.############ ##.#..#
.# #.#..## .#
##@....# .# ####
#......# .# .....
#o#.#..# ##
......##.#.#..#
.......[.#.#..#
.......##.S...#
####... #.#...# #...
#.#...# #... #...>.#


You could see Blork the orc and an adder.

Vanquished Creatures
  A giant gecko (D:3)
  2 goblins (D:1)
  A hobgoblin (D:3)
  A quokka (D:4)
  A bat (D:1)
  A giant newt (D:2)
  A jackal skeleton (D:4)
  A kobold (D:1)
  A rat (D:1)
10 creatures vanquished.

Vanquished Creatures (others)
  An adder (D:4)
1 creature vanquished.

Grand Total: 11 creatures vanquished

Notes
Turn   | Place    | Note
--------------------------------------------------------------
     0 | D:1      | M4edhros the Octopode Artificer began the quest for the Orb.
     0 | D:1      | Reached XP level 1. HP: 13/13 MP: 3/3
   334 | D:3      | Reached XP level 2. HP: 16/18 MP: 4/4
   403 | D:4      | Found Deromp's Antique Armour Shoppe.
   465 | D:4      | Noticed Blork the orc
   478 | D:4      | Slain by Blork the orc

Vault maps used:
D:1:      dpeg_arrival_chambers_temple_mockup
D:2:      lemuel_crystal_altar, first_bread, uniq_jessica, uniq_terence
D:4:      lemuel_doored_altar, serial_shops, shop, nicolae_ru_path_of_blood,
          uniq_sigmund, uniq_blork_the_orc

Action                   || total
-------------------------++-------
Melee: Short sword       ||    21
Evoke: Wand              ||     6
 Stab: Sleeping          ||     2
